[Event "Thursday 11 January Rapid Engine Tour 12+1 Rounds 9 Starts 1600 ST"]
[Site "Infinity Chess"]
[Date "2018.1.11"]
[Round "1"]
[White "MGR"]
[Black "IronMan"]
[Result "1/2-1/2"]
[ECO "C55"]
[WhiteElo "2484"]
[BlackElo "2414"]
[WhiteEngine "Raubfisch ME262_GTZ16b2"]
[BlackEngine "Stockfish SL FA PB BMI2"]
[EventType "Swiss"]
[WhiteTeam ""]
[BlackTeam ""]
[PlyCount "117"]
[TimeControl "720+1"]

1. e4 e5 2. Nf3 Nc6 3. Bc4 Nf6 4. d3 Bc5 5. O-O d6 6. c3 O-O 7. Nbd2 a5 
8. Re1 h6 9. Nf1 a4 10. Ng3 Ra5 11. h3 b5 12. b4 axb3 13. Bxb3 Be6 14. Rb1 Bb6 
15. d4 Bxb3 16. axb3 Re8 17. Be3 Ra2 18. Rc1 Qa8 19. Nh4 Kh7 20. Nhf5 Ne7 
21. Nxe7 Rxe7 22. Rc2 Rxc2 23. Qxc2 g6 24. Kh2 Qa5 25. b4 Qa7 26. Qd2 exd4 
27. Bxd4 Nd7 28. f4 c5 29. bxc5 dxc5 30. Be3 Qb7 31. e5 Qc6 32. Kh1 f5 
33. Qe2 c4 34. Rd1 Bxe3 35. Qxe3 Nc5 36. Rd8 Qc7 37. Rd5 Ne6 38. Rd6 Nc5 
39. Qd4 Ne6 40. Qe3 Nc5 41. Rd5 Ne6 42. Ne2 Qa7 43. Qg1 Qxg1+ 44. Kxg1 Rb7 
45. Rd6 Nc5 46. e6 Re7 47. Nd4 Kg7 48. Rc6 Nd3 49. g3 Kf6 50. Kg2 Nb2 
51. Rc8 Nd1 52. Nxb5 Rxe6 53. Rd8 Nb2 54. Kf3 Nd3 55. Nd4 Ne1+ 56. Kf2 Nd3+ 
57. Kf3 Ne1+ 58. Kf2 Nd3+ 59. Kf3 1/2-1/2

[Event "Thursday 11 January Rapid Engine Tour 12+1 Rounds 9 Starts 1600 ST"]
[Site "Infinity Chess"]
[Date "2018.1.11"]
[Round "1"]
[White "Klaus"]
[Black "Gilgamesch"]
[Result "1/2-1/2"]
[ECO "C50"]
[WhiteElo "2417"]
[BlackElo "2511"]
[WhiteEngine "asmFishW_2017-11-19_bmi2_CTG"]
[BlackEngine "BrainFish_171005_x64_bmi2"]
[EventType "Swiss"]
[WhiteTeam ""]
[BlackTeam ""]
[PlyCount "83"]
[TimeControl "720+1"]

1. e4 e5 2. Nf3 Nc6 3. Bc4 Bc5 4. O-O Nf6 5. Re1 Ng4 6. Rf1 Nf6 7. d3 d6 
8. c3 O-O 9. Bg5 a5 10. a4 h6 11. Bh4 g5 12. Bg3 Kg7 13. Nbd2 Ba7 14. Re1 Ng8 
15. h3 h5 16. Nf1 Nh6 17. d4 g4 18. Bh4 Qe8 19. N3h2 f6 20. Ng3 Kh8 
21. hxg4 hxg4 22. Nhf1 exd4 23. cxd4 Bxd4 24. Bd5 Be5 25. Rc1 Qd7 26. Ne3 Nb4 
27. Nh5 Qh7 28. g3 c6 29. Bb3 Ng8 30. Bxg8 Kxg8 31. Nxg4 Qg6 32. Ne3 f5 
33. Nc4 f4 34. Nxe5 dxe5 35. Rc5 Bg4 36. Qb3+ Be6 37. Qd1 fxg3 38. fxg3 Bg4 
39. Qb3+ Be6 40. Qd1 Bg4 41. Qb3+ Be6 42. Qd1 1/2-1/2

[Event "Thursday 11 January Rapid Engine Tour 12+1 Rounds 9 Starts 1600 ST"]
[Site "Infinity Chess"]
[Date "2018.1.11"]
[Round "1"]
[White "THE_MACHINE"]
[Black "KULLANI"]
[Result "1/2-1/2"]
[ECO "C50"]
[WhiteElo "2521"]
[BlackElo "2418"]
[WhiteEngine "Houdini 6"]
[BlackEngine "BrainFish_180106_x64_CTG"]
[EventType "Swiss"]
[WhiteTeam ""]
[BlackTeam ""]
[PlyCount "113"]
[TimeControl "720+1"]

1. e4 e5 2. Nf3 Nc6 3. Bc4 Bc5 4. O-O Nf6 5. d3 d6 6. c3 a5 7. Re1 h6 
8. Nbd2 O-O 9. h3 Be6 10. a4 Bxc4 11. Nxc4 Re8 12. Be3 Bxe3 13. Nxe3 b6 
14. Qb3 Ne7 15. g3 Ng6 16. Kg2 c6 17. Rab1 d5 18. Qc2 Qc7 19. Nh2 Nf8 
20. Rbd1 Rad8 21. Nf3 N8d7 22. b4 Ra8 23. Rb1 Re6 24. exd5 Nxd5 25. d4 exd4 
26. Nxd5 cxd5 27. Nxd4 Rxe1 28. Rxe1 axb4 29. cxb4 Qxc2 30. Nxc2 Rxa4 
31. Re8+ Kh7 32. Re7 Nf6 33. Rxf7 Ne4 34. h4 Ra2 35. Nd4 Kg8 36. Rf3 Rd2 
37. Nf5 Kh7 38. Ne7 d4 39. h5 Nf6 40. Rf5 Rb2 41. Kf3 Rxb4 42. Nd5 Nxd5 
43. Rxd5 Kg8 44. Rd7 Kf8 45. g4 Rc4 46. Kf4 b5 47. Ke5 b4 48. Rxd4 Rxd4 
49. Kxd4 Ke7 50. Kc4 Kd6 51. f4 b3 52. Kxb3 Kd5 53. g5 Ke4 54. gxh6 gxh6 
55. Kc4 Kxf4 56. Kd5 Kg5 57. Ke5 1/2-1/2

[Event "Thursday 11 January Rapid Engine Tour 12+1 Rounds 9 Starts 1600 ST"]
[Site "Infinity Chess"]
[Date "2018.1.11"]
[Round "1"]
[White "KillBill2017"]
[Black "xeonrocks"]
[Result "1/2-1/2"]
[ECO "C50"]
[WhiteElo "2418"]
[BlackElo "2529"]
[WhiteEngine "Raubfisch ME262_GTZ16b1._CTG"]
[BlackEngine "asmFishW_CTG"]
[EventType "Swiss"]
[WhiteTeam ""]
[BlackTeam ""]
[PlyCount "84"]
[TimeControl "720+1"]

1. e4 e5 2. Nf3 Nc6 3. Bc4 Bc5 4. O-O Nf6 5. d3 d6 6. c3 O-O 7. Nbd2 a5 8. h3 h6 
9. Re1 Be6 10. b3 Ba7 11. Nf1 d5 12. exd5 Nxd5 13. Bd2 Qf6 14. N1h2 Rad8 
15. Ng4 Bxg4 16. hxg4 e4 17. g5 hxg5 18. Bxg5 Nxc3 19. Bxf6 Nxd1 20. Bxd8 Bxf2+ 
21. Kh2 exf3 22. Rf1 Rxd8 23. Raxd1 Bd4 24. Rxf3 Ne5 25. Rf4 c6 26. a4 g6 
27. g3 Kg7 28. Kg2 f5 29. Re1 Ng4 30. Re7+ Kf6 31. Rxb7 Ne3+ 32. Kf3 Nxc4 
33. dxc4 g5 34. Rxd4 Rxd4 35. Ke3 Re4+ 36. Kf2 f4 37. gxf4 Rxf4+ 38. Kg3 Ke6 
39. Ra7 Kd6 40. Rxa5 Rd4 41. b4 Rxc4 42. Rxg5 Rxb4 1/2-1/2

[Event "Thursday 11 January Rapid Engine Tour 12+1 Rounds 9 Starts 1600 ST"]
[Site "Infinity Chess"]
[Date "2018.1.11"]
[Round "1"]
[White "Harry_Potter"]
[Black "CrapCleaner"]
[Result "1/2-1/2"]
[ECO "C77"]
[WhiteElo "2532"]
[BlackElo "2420"]
[WhiteEngine "asmFishW_2018-01-11_bmi2_CTG"]
[BlackEngine "Raubfisch X37b1._zag_CTG"]
[EventType "Swiss"]
[WhiteTeam ""]
[BlackTeam ""]
[PlyCount "74"]
[TimeControl "720+1"]

1. e4 e5 2. Nf3 Nc6 3. Bb5 a6 4. Ba4 Nf6 5. d3 Bc5 6. O-O d6 7. c3 O-O 8. h3 h6 
9. Re1 b5 10. Bb3 Bb6 11. Nbd2 Ne7 12. a4 Rb8 13. d4 Ng6 14. Nf1 c5 15. Ng3 Bb7 
16. Bc2 cxd4 17. cxd4 exd4 18. Nxd4 d5 19. e5 Ne4 20. Ngf5 Nxe5 21. f3 g6 
22. fxe4 gxf5 23. exf5 Rc8 24. Rxe5 Qf6 25. Qg4+ Kh7 26. Bd3 Rg8 27. Qf4 Rce8 
28. Rxe8 Rxe8 29. axb5 Bxd4+ 30. Kf1 axb5 31. Bd2 Be5 32. Qg4 Bxb2 33. Ra7 Re7 
34. Qh5 Kg7 35. Qg4+ Kh7 36. Qh5 Kg7 37. Qg4+ Kh7 1/2-1/2

[Event "Thursday 18 January Rapid Engine Tour 12+1 Rounds 9 Starts 1600 ST"]
[Site "Infinity Chess"]
[Date "2018.1.18"]
[Round "9"]
[White "star99"]
[Black "ivrdurant"]
[Result "1-0"]
[ECO "E10"]
[WhiteElo "2398"]
[BlackElo "2384"]
[WhiteEngine "Cryptic AIL V1"]
[BlackEngine "Raubfisch X37b3._CTG"]
[EventType "Swiss"]
[WhiteTeam ""]
[BlackTeam ""]
[PlyCount "155"]
[TimeControl "720+1"]

1. d4 Nf6 2. c4 e6 3. Nf3 d5 4. Nc3 c6 5. Bg5 dxc4 6. a4 Bb4 7. e4 Bxc3+ 
8. bxc3 Qa5 9. e5 Ne4 10. Bd2 Qd5 11. Qc2 c5 12. Be3 cxd4 13. cxd4 Qa5+ 
14. Nd2 Nxd2 15. Bxd2 Qd5 16. Bxc4 Qxd4 17. O-O Nc6 18. Rad1 O-O 19. Bd3 Qh4 
20. Rfe1 Rd8 21. Re4 Qh5 22. Rde1 Bd7 23. R1e3 Be8 24. Rh3 Qf5 25. Rf4 Rxd3 
26. Rxf5 Rxh3 27. Rf4 Rh5 28. Bc3 Ne7 29. Rd4 Rc8 30. Qe2 Nf5 31. Rc4 Rxc4 
32. Qxc4 Bc6 33. g3 Rg5 34. Bd2 Rg6 35. Kf1 h6 36. h3 Kh7 37. Qb4 Kg8 38. a5 Bd5 
39. Qc5 h5 40. Bf4 a6 41. Ke2 f6 42. Kf1 Bc6 43. Bd2 fxe5 44. Qxe5 Kh7 
45. Bc3 Bf3 46. Ke1 Kh8 47. Qb8+ Kh7 48. Qd8 Bd5 49. Be5 Nh6 50. Qh4 Bf3 
51. Bc3 Nf5 52. Qc4 Kg8 53. g4 hxg4 54. hxg4 Bxg4 55. Qc8+ Kh7 56. Qxb7 e5 
57. Bxe5 Re6 58. Qe4 Kg8 59. Kd2 Kf7 60. f3 Bh3 61. Qc4 Bg2 62. Qf4 Bh3 
63. Bc3 Kg8 64. Qc4 Nd6 65. Qd5 Kh7 66. Bb4 Nb5 67. Qd3+ Kh6 68. Kc1 Rc6+ 
69. Kd1 Rg6 70. Bd2+ Kh7 71. Bf4 Be6 72. Kd2 Bf7 73. Be5 Na7 74. f4 Nc6 
75. Bc3 Kg8 76. Qxa6 Kf8 77. Qc8+ Be8 78. Qf5+ 1-0

[Event "Thursday 18 January Rapid Engine Tour 12+1 Rounds 9 Starts 1600 ST"]
[Site "Infinity Chess"]
[Date "2018.1.18"]
[Round "9"]
[White "Zor"]
[Black "BraveDevil"]
[Result "1/2-1/2"]
[ECO "A50"]
[WhiteElo "2432"]
[BlackElo "2375"]
[WhiteEngine "Cryptic AIL V1"]
[BlackEngine "Cryptic AIL V1"]
[EventType "Swiss"]
[WhiteTeam ""]
[BlackTeam ""]
[PlyCount "71"]
[TimeControl "720+1"]

1. d4 Nf6 2. c4 c6 3. Nc3 d5 4. Nf3 e6 5. Bg5 h6 6. Bh4 dxc4 7. e4 b5 8. e5 g5 
9. Nxg5 hxg5 10. Bxg5 Nbd7 11. exf6 Bb7 12. h4 Qa5 13. a4 b4 14. Ne4 Nb6 
15. f3 O-O-O 16. Qc1 Rxd4 17. Be3 b3+ 18. Kf2 Qe5 19. Bf4 Qd5 20. Rh3 Nd7 
21. Be3 Bb4 22. a5 Rg8 23. Nc3 Qe5 24. a6 Ba8 25. f4 Qxf6 26. Bxd4 Qxd4+ 
27. Qe3 Bc5 28. Qxd4 Bxd4+ 29. Ke1 c5 30. Rd1 Bxg2 31. Bxg2 Rxg2 32. Nb5 Rg1+ 
33. Kd2 Rg2+ 34. Ke1 Rg1+ 35. Kd2 Rg2+ 36. Ke1 1/2-1/2

[Event "Thursday 18 January Rapid Engine Tour 12+1 Rounds 9 Starts 1600 ST"]
[Site "Infinity Chess"]
[Date "2018.1.18"]
[Round "9"]
[White "OlivierEvan"]
[Black "Thinker"]
[Result "1/2-1/2"]
[ECO "A20"]
[WhiteElo "2382"]
[BlackElo "2446"]
[WhiteEngine "Houdini 6"]
[BlackEngine "BrainFish_180113_x64_modern_CTG"]
[EventType "Swiss"]
[WhiteTeam ""]
[BlackTeam ""]
[PlyCount "99"]
[TimeControl "720+1"]

1. c4 e5 2. g3 Nf6 3. Nc3 d5 4. cxd5 Nxd5 5. Bg2 Nb6 6. d3 Nc6 7. Be3 Be7 
8. Bxc6+ bxc6 9. Nf3 Bd6 10. Qc2 f5 11. d4 exd4 12. Nxd4 Qd7 13. O-O-O O-O 
14. Rhe1 Rb8 15. Bf4 c5 16. Nb3 Na4 17. Nxa4 Qxa4 18. Bxd6 cxd6 19. Rxd6 f4 
20. Nd2 Qxa2 21. Qc4+ Qxc4+ 22. Nxc4 fxg3 23. fxg3 Rb4 24. Ne5 Re4 25. Nd3 c4 
26. Nb4 Be6 27. Na2 Bg4 28. Nc3 Re3 29. Rd5 h6 30. Rd4 h5 31. Rd5 g6 32. Ra5 Rf7 
33. Ra4 Ree7 34. Rxc4 Rf2 35. h4 Rg2 36. Nd5 Rexe2 37. Rxe2 Bxe2 38. Rc3 Rg1+ 
39. Kc2 Bd1+ 40. Kd2 Bg4 41. Nf4 Bf5 42. Rf3 Kh7 43. Ra3 Kh6 44. Ne2 Rg2 
45. Rxa7 Bg4 46. Re7 Bxe2 47. Rxe2 Rxg3 48. b4 g5 49. hxg5+ Kxg5 50. b5 1/2-1/2

[Event "Thursday 18 January Rapid Engine Tour 12+1 Rounds 9 Starts 1600 ST"]
[Site "Infinity Chess"]
[Date "2018.1.18"]
[Round "9"]
[White "IronMan"]
[Black "angriff"]
[Result "1/2-1/2"]
[ECO "B00"]
[WhiteElo "2393"]
[BlackElo "2450"]
[WhiteEngine "Eman 1.58 64-bit BMI2"]
[BlackEngine "Raubfisch ME262_GTZ16b2_CTG"]
[EventType "Swiss"]
[WhiteTeam ""]
[BlackTeam ""]
[PlyCount "82"]
[TimeControl "720+1"]

1. e4 Nc6 2. Nf3 e5 3. Bb5 Nf6 4. O-O Nxe4 5. d4 Nd6 6. Bxc6 dxc6 7. dxe5 Nf5 
8. Qxd8+ Kxd8 9. Nc3 Bd7 10. h3 Ke8 11. b3 Rd8 12. Bg5 Ne7 13. Ne4 h6 
14. Bh4 Bf5 15. Rfe1 Bxe4 16. Rxe4 g5 17. Bg3 Rg8 18. Kf1 c5 19. Rae1 Rg6 
20. h4 Nc6 21. c3 Be7 22. Ke2 Re6 23. Re3 g4 24. Nd2 b5 25. Ne4 Rd5 26. Kf1 Kd7 
27. f3 gxf3 28. gxf3 Nxe5 29. c4 Rd4 30. Bxe5 Rxe5 31. Nxc5+ Rxc5 32. Rxe7+ Kd6 
33. Rxf7 bxc4 34. Ree7 Rxh4 35. Kf2 c3 36. Rd7+ Ke5 37. Ke3 c2 38. Rde7+ Kd6 
39. Rd7+ Ke5 40. Rde7+ Kd6 41. Rd7+ Ke5 1/2-1/2

[Event "Thursday 18 January Rapid Engine Tour 12+1 Rounds 9 Starts 1600 ST"]
[Site "Infinity Chess"]
[Date "2018.1.18"]
[Round "9"]
[White "MGR"]
[Black "KULLANI"]
[Result "1/2-1/2"]
[ECO "C50"]
[WhiteElo "2458"]
[BlackElo "2446"]
[WhiteEngine "asmFishW_2017-11-19_bmi2"]
[BlackEngine "BrainFish_180113_x64_CTG"]
[EventType "Swiss"]
[WhiteTeam ""]
[BlackTeam ""]
[PlyCount "80"]
[TimeControl "720+1"]

1. e4 e5 2. Nf3 Nc6 3. Bc4 Bc5 4. O-O Nf6 5. d3 O-O 6. c3 d5 7. exd5 Nxd5 
8. Re1 Bg4 9. h3 Bh5 10. Nbd2 Nb6 11. b4 Be7 12. b5 Na5 13. g4 Bg6 14. Nxe5 Bf6 
15. Nxg6 hxg6 16. Ne4 Nbxc4 17. dxc4 Nxc4 18. a4 a6 19. Bf4 Be5 20. Qf3 f5 
21. Rad1 fxe4 22. Qxe4 Rxf4 23. Rxd8+ Rxd8 24. Qxb7 axb5 25. Qxb5 c6 
26. Qxc6 Kh7 27. Qc5 Bxc3 28. Qc7 Rdf8 29. Re8 Be5 30. Rxe5 Nxe5 31. Qxe5 Rxf2 
32. h4 R2f4 33. Qg5 Rxa4 34. h5 gxh5 35. Qxh5+ Kg8 36. Qd5+ Kh8 37. Qh5+ Kg8 
38. Qd5+ Kh8 39. Kh2 Rf2+ 40. Kg1 Rf8 1/2-1/2

[Event "Thursday 18 January Rapid Engine Tour 12+1 Rounds 9 Starts 1600 ST"]
[Site "Infinity Chess"]
[Date "2018.1.18"]
[Round "9"]
[White "NINJA_JENGKA"]
[Black "Harry_Potter"]
[Result "1/2-1/2"]
[ECO "A05"]
[WhiteElo "2427"]
[BlackElo "2469"]
[WhiteEngine "Houdini 6"]
[BlackEngine "Stockfish_18011309_x64_bmi2_CTG"]
[EventType "Swiss"]
[WhiteTeam ""]
[BlackTeam ""]
[PlyCount "137"]
[TimeControl "720+1"]

1. Nf3 Nf6 2. d4 d5 3. e3 e6 4. c4 Be7 5. Nc3 O-O 6. a3 b6 7. cxd5 exd5 
8. Bd3 c5 9. O-O Bb7 10. b3 Nbd7 11. Bb2 Bd6 12. Nb5 Bb8 13. a4 Ne4 14. Ne5 a6 
15. Na3 Ndf6 16. f3 Ng5 17. f4 Nge4 18. Nb1 Bc7 19. Nd2 Nxd2 20. Qxd2 Ne4 
21. Qd1 f6 22. Nf3 Qe7 23. Nd2 Rfd8 24. Qc2 f5 25. Nxe4 fxe4 26. Be2 Bd6 
27. Qd2 Rac8 28. Bg4 Rc6 29. dxc5 Bxc5 30. Be5 a5 31. Rac1 Ba6 32. Be2 Bb4 
33. Qa2 Bc5 34. Kh1 Bc8 35. Qd2 Rh6 36. g3 Rc6 37. Kg2 Bb7 38. Rfd1 Bb4 
39. Qa2 Rxc1 40. Rxc1 Bc5 41. Bg4 d4 42. exd4 e3+ 43. Kf1 Bxd4 44. Rc7 Ba6+ 
45. Be2 Bxe2+ 46. Qxe2 Qe6 47. Qc4 Qxc4+ 48. Rxc4 Bxe5 49. fxe5 Rd2 50. h3 e2+ 
51. Ke1 Rd3 52. b4 Rxg3 53. h4 axb4 54. Rxb4 Re3 55. Rxb6 Rxe5 56. Rb8+ Kf7 
57. Rb7+ Kg6 58. Rb5 Re4 59. h5+ Kf7 60. a5 Kf6 61. Rb3 Re5 62. Ra3 Re7 
63. a6 Ra7 64. h6 gxh6 65. Kxe2 h5 66. Ra4 Ke5 67. Ra5+ Kd4 68. Rxh5 Rxa6 
69. Rxh7 1/2-1/2

[Event "Thursday 18 January Rapid Engine Tour 12+1 Rounds 9 Starts 1600 ST"]
[Site "Infinity Chess"]
[Date "2018.1.18"]
[Round "9"]
[White "Satria_Ungu"]
[Black "CrapCleaner"]
[Result "1/2-1/2"]
[ECO "A06"]
[WhiteElo "2401"]
[BlackElo "2437"]
[WhiteEngine "Houdini 6_CTG"]
[BlackEngine "Raubfisch ME262_GTZ16b3._CTG"]
[EventType "Swiss"]
[WhiteTeam ""]
[BlackTeam ""]
[PlyCount "223"]
[TimeControl "720+1"]

1. Nf3 d5 2. d4 Nf6 3. e3 e6 4. c4 c6 5. b3 Nbd7 6. Bd3 Ne4 7. Bb2 Bb4+ 
8. Nbd2 Nxd2 9. Nxd2 O-O 10. O-O b6 11. Qc2 h6 12. a3 Be7 13. Rad1 Bb7 
14. e4 Rc8 15. Rfe1 a5 16. Nf3 Re8 17. Qe2 Ba6 18. h3 Bf8 19. Nd2 Qc7 
20. Qg4 dxc4 21. Bxc4 Bxc4 22. Nxc4 b5 23. Ne3 Nb6 24. Re2 c5 25. dxc5 Qxc5 
26. Red2 a4 27. Bd4 Qc7 28. b4 Red8 29. h4 Re8 30. Rd3 Nc4 31. Nxc4 bxc4 
32. R3d2 Red8 33. g3 Qb8 34. Qe2 Be7 35. Bc3 Rxd2 36. Rxd2 Bd6 37. e5 Bc7 
38. Qe4 Qb5 39. h5 Rd8 40. Rd4 Rxd4 41. Bxd4 Qa6 42. Qf3 Qb5 43. Qa8+ Kh7 
44. Kg2 Qd7 45. Qe4+ Kh8 46. Kf3 c3 47. Bxc3 Qd1+ 48. Kg2 Bb6 49. Qb7 Qc1 
50. Qb8+ Kh7 51. Qxb6 Qxc3 52. Qe3 Qb3 53. Qf3 Kg8 54. Qa8+ Kh7 55. Qe4+ Kh8 
56. Qb7 Qxa3 57. b5 Qb3 58. b6 a3 59. Qxf7 a2 60. Qa7 Kh7 61. b7 a1=Q 
62. Qxa1 Qxb7+ 63. f3 Qb3 64. Qc1 Qd3 65. Qb2 Kg8 66. Kf2 Qf5 67. g4 Qd3 
68. Qb8+ Kh7 69. Qd6 Qc4 70. Ke3 Kg8 71. Qd8+ Kf7 72. Qd7+ Kg8 73. Qe8+ Kh7 
74. Qd8 Qc1+ 75. Qd2 Qc5+ 76. Kf4 Qc4+ 77. Kg3 Qc5 78. Qd3+ Kg8 79. Qd6 Qg1+ 
80. Kf4 Qc1+ 81. Ke4 Qc4+ 82. Ke3 Qc3+ 83. Kf2 Kf7 84. Qd7+ Kf8 85. Qb5 Qd4+ 
86. Ke2 Qc3 87. Qb8+ Kf7 88. Qb7+ Kg8 89. Qa8+ Kf7 90. Qe4 Kg8 91. Qe3 Qb2+ 
92. Kf1 Qa1+ 93. Kg2 Qb2+ 94. Kh3 Qb1 95. f4 Qh1+ 96. Kg3 Qb1 97. Qf3 Qg1+ 
98. Kh3 Qd4 99. Kg2 Qd2+ 100. Kg3 Qe1+ 101. Kh3 Qa1 102. Kg2 Qb2+ 103. Qf2 Qc1 
104. g5 hxg5 105. f5 Qc6+ 106. Kg3 Qc3+ 107. Kg4 Qxe5 108. fxe6 Qxe6+ 
109. Kxg5 Qd5+ 110. Kg4 Qd1+ 111. Qf3 Qd4+ 112. Qf4 1/2-1/2

[Event "Thursday 18 January Rapid Engine Tour 12+1 Rounds 9 Starts 1600 ST"]
[Site "Infinity Chess"]
[Date "2018.1.18"]
[Round "9"]
[White "neófito"]
[Black "Dovahkiin"]
[Result "1/2-1/2"]
[ECO "B90"]
[WhiteElo "2452"]
[BlackElo "2440"]
[WhiteEngine "BrainFish_180113_x64_bmi2"]
[BlackEngine "BrainFish_180113_x64_modern_CTG"]
[EventType "Swiss"]
[WhiteTeam ""]
[BlackTeam ""]
[PlyCount "218"]
[TimeControl "720+1"]

1. e4 c5 2. Nf3 d6 3. d4 cxd4 4. Nxd4 Nf6 5. Nc3 a6 6. Be3 e5 7. Nf3 Be7 
8. Bc4 O-O 9. O-O Be6 10. Bxe6 fxe6 11. Na4 Ng4 12. Qd3 Nxe3 13. Qxe3 b5 
14. Nb6 Ra7 15. Nd5 Rb7 16. Nxe7+ Qxe7 17. Rad1 Nd7 18. Rd2 Nc5 19. Rfd1 Rb6 
20. Ne1 Qc7 21. c3 a5 22. Nc2 Rfb8 23. Na3 b4 24. cxb4 Rxb4 25. Rxd6 Rxb2 
26. h3 h6 27. R6d2 Rxd2 28. Rxd2 Na6 29. Qd3 Nb4 30. Qc4 Qc6 31. Qxc6 Nxc6 
32. Rd6 Nd4 33. Nc4 Rb4 34. Nxa5 Ra4 35. Nb3 Kf7 36. Nc1 Ra3 37. Rd7+ Kf6 
38. Rc7 g5 39. Kh2 h5 40. Rc8 Kg7 41. Rc5 Kf6 42. f3 g4 43. fxg4 hxg4 
44. hxg4 Re3 45. a4 Rxe4 46. Kg3 Re3+ 47. Kf2 Ra3 48. a5 e4 49. g5+ Kg6 
50. Re5 e3+ 51. Kg3 Rc3 52. Na2 Nf5+ 53. Kf3 Rc2 54. Nb4 Rf2+ 55. Ke4 Kxg5 
56. Nd3 Rxg2 57. a6 Ra2 58. Rxe6 Ra4+ 59. Kd5 Rd4+ 60. Kc5 Rxd3 61. a7 Rd8 
62. Kb6 Rh8 63. Kc7 Kh4 64. Kb6 Kg4 65. Re5 Kf4 66. Re6 Kf3 67. Rf6 Ke4 
68. Re6+ Kd3 69. Kb7 e2 70. a8=Q Rxa8 71. Rxe2 Ra1 72. Re5 Nd4 73. Kc7 Ra6 
74. Kd7 Kc4 75. Rh5 Nc2 76. Rh3 Kd5 77. Rh5+ Kc4 78. Rh1 Ne3 79. Rh5 Kd4 
80. Rh1 Kd5 81. Rh5+ Kc4 82. Rh1 Nf5 83. Rc1+ Kd4 84. Re1 Ne3 85. Ke7 Nd5+ 
86. Kd7 Nf6+ 87. Ke7 Nd5+ 88. Kd7 Ne3 89. Ke7 Ng4 90. Rd1+ Ke5 91. Re1+ Kd4 
92. Rd1+ Ke5 93. Re1+ Kf4 94. Rf1+ Kg3 95. Rb1 Ne5 96. Rg1+ Kf2 97. Rc1 Ke2 
98. Rb1 Kd3 99. Rd1+ Ke3 100. Re1+ Kf4 101. Rf1+ Kg5 102. Rb1 Ng4 103. Rb5+ Kf4 
104. Kf7 Ne5+ 105. Kg7 Nd3 106. Rb7 Ne5 107. Rc7 Ng4 108. Rf7+ Kg5 109. Rb7 Ne3 
1/2-1/2

[Event "Thursday 18 January Rapid Engine Tour 12+1 Rounds 9 Starts 1600 ST"]
[Site "Infinity Chess"]
[Date "2018.1.18"]
[Round "9"]
[White "Wolle"]
[Black "ocirema"]
[Result "1/2-1/2"]
[ECO "C55"]
[WhiteElo "2457"]
[BlackElo "2429"]
[WhiteEngine "Raubfisch X37a2_CTG"]
[BlackEngine "stockfish_18011309_x64_modern_CTG"]
[EventType "Swiss"]
[WhiteTeam ""]
[BlackTeam ""]
[PlyCount "132"]
[TimeControl "720+1"]

1. e4 e5 2. Nf3 Nc6 3. Bc4 Nf6 4. d3 Bc5 5. c3 d6 6. O-O a6 7. h3 O-O 8. Re1 Ba7 
9. a4 h6 10. Nbd2 Nh5 11. Nf1 Qf6 12. N1h2 Qg6 13. g4 Be6 14. Bb3 Nf6 
15. Nh4 Qh7 16. Bc2 g6 17. Qf3 Qg7 18. Kh1 Kh8 19. Rg1 Ng8 20. Be3 Bxe3 
21. fxe3 Rae8 22. Nf1 f6 23. Nd2 Nge7 24. d4 Bd7 25. a5 Nd8 26. Raf1 Ne6 
27. Qg3 exd4 28. cxd4 Nd8 29. Nhf3 Bb5 30. Rc1 Nec6 31. Nh4 Ne7 32. Bb1 Ndc6 
33. Rc3 g5 34. Nhf3 Ng6 35. h4 Be2 36. h5 Bxf3+ 37. Nxf3 Nh4 38. Nxh4 gxh4 
39. Qxh4 Nxa5 40. Rf1 c5 41. dxc5 dxc5 42. Rxc5 b5 43. Bd3 Rd8 44. Rd5 Nc6 
45. Rxd8 Nxd8 46. e5 fxe5 47. Bf5 Ne6 48. Qe1 Qe7 49. Kg2 Ng5 50. Qd2 Rf6 
51. Rd1 Nf7 52. Qc2 Nd6 53. e4 Qb7 54. Kh2 Qb6 55. Rd5 Nf7 56. b3 Kg7 
57. Qc5 Qxc5 58. Rxc5 Rd6 59. b4 Rd2+ 60. Kh3 Ng5+ 61. Kh4 Rd3 62. Rc7+ Kf8 
63. Rc8+ Ke7 64. Rc7+ Kf8 65. Rc8+ Ke7 66. Rc7+ Kf8 1/2-1/2

[Event "Thursday 18 January Rapid Engine Tour 12+1 Rounds 9 Starts 1600 ST"]
[Site "Infinity Chess"]
[Date "2018.1.18"]
[Round "9"]
[White "Neoxium"]
[Black "RonWeasley"]
[Result "1/2-1/2"]
[ECO "E00"]
[WhiteElo "2482"]
[BlackElo "2466"]
[WhiteEngine "SF SL FA-IDeA"]
[BlackEngine "BrainFish 130117_CTG"]
[EventType "Swiss"]
[WhiteTeam ""]
[BlackTeam ""]
[PlyCount "116"]
[TimeControl "720+1"]

1. d4 Nf6 2. c4 e6 3. a3 d5 4. Nf3 dxc4 5. e3 b5 6. a4 b4 7. Bxc4 c5 8. b3 Be7 
9. O-O O-O 10. Nbd2 cxd4 11. Nxd4 Bb7 12. a5 a6 13. Bb2 Nbd7 14. Be2 Nc5 
15. Nc4 Rc8 16. Nb6 Rc7 17. Qe1 Ncd7 18. Nc4 Qb8 19. Rd1 Rc5 20. Nf3 Rd5 
21. Nd4 Rd8 22. f4 Rc5 23. Nf3 Be4 24. Bd4 Rc7 25. Nfd2 Bc2 26. Rc1 Bg6 
27. Nb6 Nc5 28. Rc4 Nfd7 29. h4 h5 30. Nxd7 Nxd7 31. Nf3 Rxc4 32. Bxc4 Bc5 
33. Qe2 Qc7 34. Bxc5 Nxc5 35. Ne5 Kh7 36. Nxg6 fxg6 37. g4 hxg4 38. Qxg4 Rd2 
39. h5 Qf7 40. hxg6+ Qxg6 41. Qxg6+ Kxg6 42. Bxe6 Nxe6 43. f5+ Kf7 
44. fxe6+ Kxe6 45. Rf4 Rd1+ 46. Kf2 Ra1 47. Rxb4 Rxa5 48. Kf3 Rf5+ 49. Ke2 Rb5 
50. Re4+ Kf6 51. Rf4+ Ke6 52. b4 g5 53. Rc4 Kd6 54. Kf3 a5 55. bxa5 Rxa5 
56. Rd4+ Ke5 57. Rg4 Kf5 58. Rd4 Ra2 1/2-1/2

[Event "Thursday 18 January Rapid Engine Tour 12+1 Rounds 9 Starts 1600 ST"]
[Site "Infinity Chess"]
[Date "2018.1.18"]
[Round "9"]
[White "KhalidOmar"]
[Black "Gilgamesch"]
[Result "1/2-1/2"]
[ECO "D30"]
[WhiteElo "2455"]
[BlackElo "2506"]
[WhiteEngine "Eman SL 1.63 64-bit BMI2"]
[BlackEngine "BrainFish_171005_x64_bmi2"]
[EventType "Swiss"]
[WhiteTeam ""]
[BlackTeam ""]
[PlyCount "93"]
[TimeControl "720+1"]

1. d4 d5 2. c4 e6 3. Nf3 Nf6 4. Nc3 c6 5. e3 Nbd7 6. Qc2 Bd6 7. Bd3 O-O 
8. O-O dxc4 9. Bxc4 b5 10. Bd3 Bb7 11. e4 e5 12. h3 Re8 13. dxe5 Nxe5 
14. Nxe5 Bxe5 15. Be3 a6 16. a4 Qe7 17. Ne2 Bd6 18. Rfd1 Rad8 19. Nd4 Qc7 
20. Nb3 h6 21. axb5 cxb5 22. Qxc7 Bxc7 23. Nc5 Bxe4 24. Nxa6 Rxd3 25. Nxc7 Red8 
26. Rxd3 Bxd3 27. Rd1 Rd7 28. Kh2 Kh7 29. Kg1 g5 30. f3 Kg6 31. g4 Bc4 
32. Rxd7 Nxd7 33. Kf2 b4 34. b3 Bxb3 35. Na6 h5 36. Nxb4 hxg4 37. fxg4 Be6 
38. Nc6 f6 39. Ne7+ Kf7 40. Nf5 Bxf5 41. gxf5 Ke7 42. Kg3 Kf7 43. Kf3 Ne5+ 
44. Kg3 Nd7 45. Kf3 Nf8 46. Ke4 Nd7 47. Kf3 1/2-1/2

[Event "Thursday 18 January Rapid Engine Tour 12+1 Rounds 9 Starts 1600 ST"]
[Site "Infinity Chess"]
[Date "2018.1.18"]
[Round "9"]
[White "xeonrocks"]
[Black "hafaba"]
[Result "1/2-1/2"]
[ECO "B00"]
[WhiteElo "2524"]
[BlackElo "2492"]
[WhiteEngine "asmFishW_CTG"]
[BlackEngine "Stockfish SL 07012018 POPCNT_CTG"]
[EventType "Swiss"]
[WhiteTeam ""]
[BlackTeam ""]
[PlyCount "159"]
[TimeControl "720+1"]

1. e4 Nc6 2. d4 d5 3. e5 Bf5 4. c3 e6 5. Nf3 f6 6. Bb5 Nge7 7. exf6 gxf6 
8. Nh4 Bg6 9. O-O Qd7 10. Nd2 Nf5 11. Nxf5 Bxf5 12. Nf3 Be4 13. Bf4 O-O-O 
14. Re1 Rg8 15. Nh4 Bd6 16. Bxd6 Qxd6 17. Bxc6 Qxc6 18. f3 Bg6 19. Qd2 Qd6 
20. Re2 Be8 21. Rae1 Bd7 22. g3 Rde8 23. Qh6 Qe7 24. Ng2 Rg6 25. Qc1 Qd6 
26. Qf4 Qf8 27. Qd2 Rg8 28. Qc2 h5 29. Re3 Kb8 30. f4 Rd8 31. b4 Qh6 32. Kh1 a6 
33. Qe2 Qg6 34. Nh4 Qh6 35. Qd2 e5 36. dxe5 d4 37. cxd4 Bc6+ 38. Kg1 Qxf4 
39. Ng2 Qg4 40. exf6 Rgf8 41. Re6 Rxd4 42. Qe3 Rdd8 43. Qf4 Qg6 44. Qf2 Bd7 
45. Nh4 Qh6 46. Qe3 Qxe3+ 47. R6xe3 Rxf6 48. Rd3 Kc8 49. Ng2 Rg8 50. Rd5 Rh6 
51. Ree5 Rc6 52. Rc5 Rb6 53. a3 Rd6 54. Red5 Rf6 55. Rc1 Rf3 56. Rdc5 Bc6 
57. R1c3 Rxc3 58. Rxc3 Rd8 59. Ne3 Rd2 60. h3 Kd8 61. g4 hxg4 62. Nxg4 Ra2 
63. Re3 Rg2+ 64. Kf1 Rc2 65. Ne5 Bd5 66. Nf3 Bxf3 67. Rxf3 b5 68. Kg1 c5 
69. bxc5 Rxc5 70. Kg2 Ke7 71. Kf1 Rc2 72. Kg1 Ke6 73. h4 Rc4 74. h5 Rh4 
75. Rg3 Rxh5 76. Rg6+ Kd5 77. Rxa6 Rh4 78. Rb6 Kc5 79. Rf6 Rh3 80. Ra6 1/2-1/2